 Dungeon Crawl Stone Soup version 0.27-a0-650-g8dd3ea4f36 (webtiles) character file.

Game seed: 18199365539108103525

40133 jasper the Severer (level 14, -6/114 (122) HPs)
             Began as a Hill Orc Summoner on Mar 15, 2021.
             Was the Champion of Cheibriados.
             Mangled by an orc warrior
             ... wielding a +0 glaive
              (23 damage)
             ... on level 1 of the Orcish Mines.
             The game lasted 00:34:33 (29257 turns).

jasper the Severer (Hill Orc Summoner)             Turns: 29257, Time: 00:34:33

HP:   -6/114 (122)  AC: 19    Str: 27    XL:     14   Next: 9%
MP:   14/29         EV: 17    Int: 34    God:    Cheibriados [******]
Gold: 234           SH:  0    Dex: 26    Spells: 3/22 levels left

rFire    . . .     SeeInvis .   P - +3 war axe (freeze)
rCold    . . .     Faith    .   (no shield)
rNeg     . . .     Spirit   .   u - +2 scale mail {Will+}
rPois    .         Reflect  .   T - +0 helmet
rElec    .         Harm     .   L - +2 cloak
rCorr    .         Rampage  .   e - +1 pair of gloves
Will     ++...                  F - +0 pair of boots
Stlth    +.........             w - amulet of the acrobat
HPRegen  0.29/turn              j - ring of magical power
MPRegen  0.21/turn              m - +4 ring of slaying

@: mighty, very slightly contaminated, slowed, drained, very slow
A: no striking features
a: Renounce Religion, Bend Time, Temporal Distortion, Slouch, Step From Time


You were on level 1 of the Orcish Mines.
You worshipped Cheibriados.
Cheibriados was exalted by your worship.
You visited 4 branches of the dungeon, and saw 20 of its levels.

You collected 2218 gold pieces.
You spent 1984 gold pieces at shops.

Inventory:

Hand Weapons
 n - a +4 eveningstar of protection
 p - a +1 mace of draining
 v - a +3 executioner's axe of freezing
 P - a +3 war axe of freezing (weapon)
Missiles
 l - 131 arrows
 s - 64 poisoned darts
 z - 6 javelins
 O - 19 boomerangs
Armour
 e - a +1 pair of gloves (worn)
 u - a +2 scale mail of willpower (worn)
 F - a +0 pair of boots (worn)
 I - a +2 leather armour of cold resistance
 L - a +2 cloak (worn)
 T - a +0 helmet (worn)
Jewellery
 j - a ring of magical power (right hand)
 m - a +4 ring of slaying (left hand)
 t - a ring of ice
 w - an amulet of the acrobat (around neck)
 C - a ring of resist corrosion
 N - a ring of protection from fire
 S - a ring of see invisible
 X - an amulet of magic regeneration
 Y - a ring of protection from fire
 Z - a +4 ring of evasion
Wands
 i - a wand of iceblast (11)
 x - a wand of mindburst (29)
 B - a wand of acid (13)
 J - a wand of paralysis (9)
Scrolls
 a - 2 scrolls of enchant armour
 b - 2 scrolls of fear
 d - 2 scrolls of magic mapping
 h - 6 scrolls of teleportation
 k - 5 scrolls of amnesia
 r - a scroll of summoning
 y - 3 scrolls of identify
 Q - 3 scrolls of blinking
 R - a scroll of fog
Potions
 c - 6 potions of attraction
 f - a potion of mutation
 g - 2 potions of degeneration
 o - 2 potions of haste
 q - 2 potions of lignification
 A - 2 potions of ambrosia
 D - a potion of berserk rage
 E - a potion of resistance
 G - 3 potions of brilliance
 H - 5 potions of curing
 K - 4 potions of invisibility
 M - 4 potions of flight
 U - a potion of heal wounds
 W - a potion of might


   Skills:
 + Level 10.4 Fighting
 - Level 16.0 Axes
 + Level 9.3 Armour
 - Level 8.4 Dodging
 - Level 1.5 Stealth
 + Level 4.5 Spellcasting
 - Level 3.0 Hexes
 - Level 8.0 Summonings
 + Level 4.5 Translocations
 - Level 3.0 Air Magic
 - Level 8.0 Invocations


You had 3 spell levels left.
You knew the following spells:

 Your Spells              Type           Power      Damage    Failure   Level
a - Blink                 Tloc           N/A        N/A       1%          2
b - Call Imp              Summ           58%        N/A       1%          2
c - Summon Lightning Spi  Summ/Air       45%        N/A       10%         4
d - Lesser Beckoning      Tloc           19%        N/A       4%          3
e - Confusing Touch       Hex            28%        N/A       8%          3
f - Manifold Assault      Tloc           38%        N/A       14%         4
g - Animate Skeleton      Necr           14%        N/A       9%          1

Your spell library contained the following spells:

 Spells                   Type           Power      Damage    Failure   Level
 Summon Small Mammal      Summ           100%       N/A       1%          1
 Call Canine Familiar     Summ           58%        N/A       1%          3
 Summon Guardian Golem    Hex/Summ       45%        N/A       2%          3
 Gell's Gravitas          Tloc           19%        N/A       4%          3
 Teleport Other           Tloc           38%        N/A       4%          3
 Pain                     Necr           28%        1d5       9%          1
 Passwall                 Tmut/Erth      5%         N/A       14%         2
 Vampiric Draining        Necr           3%         2d6       26%         3
 Animate Armour           Summ/Erth      68%        N/A       17%         4
 Summon Ice Beast         Ice/Summ       34%        N/A       17%         4
 Summon Mana Viper        Hex/Summ       45%        N/A       26%         5
 Leda's Liquefaction      Hex/Erth       8%         N/A       43%         4
 Shadow Creatures         Summ           N/A        N/A       45%         6
 Animate Dead             Necr           3%         N/A       65%         4
 Petrify                  Tmut/Erth      7%         N/A       65%         4
 Metabolic Englaciation   Hex/Ice        8%         N/A       80%         5
 Yara's Violent Unravell  Hex/Tmut       8%         3d5       80%         5
 Agony                    Necr           7%         N/A       94%         5
 Lee's Rapid Deconstruct  Erth           3%         3d6*      94%         5
 Spellforged Servitor     Conj/Summ      17%        N/A       100%        7


Dungeon Overview and Level Annotations

Branches:
Dungeon (12/15)            Temple (1/1) D:4            Lair (6/6) D:8
 Shoals (0/4) Lair:3        Snake (0/4) Lair:2        Slime (0/5) Lair:5
    Orc (1/2) D:11

Altars:
Ashenzari
Cheibriados
Dithmenos
Elyvilon
Fedhas
Gozag
Hepliaklqana
Kikubaaqudgha
Makhleb
Okawaru
Qazlal
Ru
Sif Muna
Trog
Uskayaw
Yredelemnul
Zin
The Shining One
Jiyva

Shops:
D:7 ?

Portals:
Trove: D:11 (give 15 scrolls of teleportation)


Message History

The wraith hits your orc priest skeleton!
The wraith drains your orc priest skeleton's vigour!
Your orc priest skeleton seems to slow down.
The orc warrior closely misses you.
The wraith barely misses your lightning spire.
The wraith misses you.
Your orc priest skeleton barely misses the wraith.
You take 38 damage, and have 37/108 hp.
MASSIVE DAMAGE!!
You closely miss Josephine.
Josephine is almost dead.
You hit the wraith. You freeze the wraith.
You catch the helpless wraith completely off-guard!
You hit the wraith. You closely miss the wraith. Josephine closely misses you.
The wraith closely misses you. The orc warrior misses you.
The wraith barely misses you. x2
Your lightning spire shoots out a bolt of lightning at Josephine!
The bolt of electricity misses Josephine.
Josephine closely misses you.
Your orc priest skeleton hits the wraith.
You slash the wraith! You freeze the wraith.
You destroy the wraith!
Cheibriados appreciates the change of pace.
You completely miss the wraith. You slash Josephine! You freeze Josephine.
You kill Josephine!
Cheibriados appreciates the change of pace.
You hit the wraith.
The orc warrior hits you from afar with a +0 glaive!
* * * LOW HITPOINT WARNING * * *
The wraith hits you.
* * * LOW HITPOINT WARNING * * *
The wraith drains your vigour!
You feel as though you will be slow longer.
The wraith hits you but does no damage.
You take 21 damage, and have 17/114 hp.
You slice the orc!! You freeze the orc.
You kill the orc!
Cheibriados thoroughly appreciates the change of pace.
You hit the wraith but do no damage. You closely miss the wraith.
The orc warrior hits you from afar with a +0 glaive!!
You die...

........#
##.......##.........
.......####
##.................
.....### #.#
##..)รท.....#...#..
....## #.#
##........###.##. .####
##..# #....)...##.....
..#
.....#######.....###.###
.## .......#.#.##..###
### # ##
........)Z...###
#...#8@)#>###
#...)W)W### #....o.).#
####.....# ........#
.....##.## W...... ##
....... ......#


You could see 2 wraiths, an orc warrior (ally target), a friendly lightning
spire (summoned) and a friendly orc priest skeleton (slow).

Vanquished Creatures
  Josephine (Orc:1)
  4 hydras
  A boulder beetle (Lair:2)
  2 two-headed ogres
  7 death yaks
  A cyclops (D:12)
  10 black mambas
  4 cane toads
  Maurice (D:8)
  An elephant (D:8)
  A centaur zombie (D:10)
  A rime drake (Lair:3)
  7 komodo dragons
  A polar bear (Lair:4)
  20 blink frogs
  A spriggan (D:7)
  2 wraiths
  2 basilisks (Lair:3)
  49 yaks
  3 wyverns
  2 nameless horrors
  A warg (Orc:1)
  6 nagas (Lair:2)
  11 water moccasins
  An ice beast (D:8)
  3 black bears
  3 orc warriors
  3 sky beasts
  A necrophage (D:12)
  A centaur (D:11)
  2 ogres
  3 wolves (D:8)
  2 phantoms
  3 kobold brigands
  12 bullfrogs
  2 wyvern skeletons
  3 scorpions
  5 wights
  6 killer bees
  A vampire bat (D:5)
  An electric eel (Lair:3)
  3 bullfrog zombies
  4 hounds
  4 jellies
  Crazy Yiuf (D:7)
  6 orc priests
  A bullfrog skeleton (D:10)
  5 iguanas
  6 orc wizards
  9 worker ants
  A hound skeleton (D:10)
  A howler monkey zombie (D:8)
  6 gnolls
  9 adders
  A shadow imp (D:7)
  A white imp (D:9)
  2 ufetubi
  An ooze (D:3)
  2 worms
  2 leopard geckos
  42 orcs
  5 bats
  5 bat zombies (D:5)
  2 giant cockroaches
  A goblin (D:3)
  3 hobgoblins
  13 jackals
  12 kobolds
  6 quokkas
  A ball python (D:3)
  A frilled lizard (D:4)
  2 leopard gecko skeletons
  4 rats
353 creatures vanquished.

Vanquished Creatures (collateral kills)
  Fannar (Lair:3)
  A boulder beetle (Lair:4)
  Urug (Orc:1)
  A death yak (Lair:3)
  An orc sorcerer (Orc:1)
  A manticore (D:11)
  Psyche (D:8)
  2 ice devils (D:11)
  A komodo dragon (Lair:5)
  8 blink frogs
  2 wyverns
  13 yaks
  A wraith (Orc:1)
  Grum (D:8)
  2 steam dragons (D:9)
  A naga (Lair:2)
  A water moccasin (Lair:6)
  A black bear (D:10)
  5 orc warriors
  3 ogres
  A wolf (D:8)
  A phantom (D:7)
  A centaur (D:5)
  7 bullfrogs
  A gnoll sergeant (Orc:1)
  A scorpion (D:7)
  4 killer bees
  2 wights (D:9)
  A bullfrog zombie (D:5)
  A jelly (D:6)
  7 orc priests
  2 bullfrog skeletons
  A hound (D:4)
  7 orc wizards
  Natasha (twice) (D:4 D:3)
  3 worker ants
  6 gnolls
  7 adders
  A white imp (D:6)
  An ufetubus (D:10)
  2 oozes
  An adder skeleton (D:4)
  5 worms (D:2)
  3 dart slugs
  A leopard gecko (D:2)
  28 orcs
  A ball python (D:1)
  4 goblins
  3 hobgoblins
  6 jackals
  8 kobolds
  A quokka (D:3)
  2 bats
  3 frilled lizards
  6 rats
179 creatures vanquished.

Vanquished Creatures (others)
  2 orc wizards (Orc:1)
  49 fungi
  77 plants
128 creatures vanquished.

Grand Total: 660 creatures vanquished

Notes
Turn   | Place    | Note
-------+----------+-------------------------------------------
     0 | D:1      | jasper the Hill Orc Summoner began the quest for the Orb.
     0 | D:1      | Reached XP level 1. HP: 14/14 MP: 3/3
   616 | D:1      | Reached XP level 2. HP: 5/20 MP: 0/4
   658 | D:1      | Learned a level 2 spell: Call Imp
  1936 | D:2      | Reached XP level 3. HP: 26/26 MP: 5/5
  2002 | D:2      | Reached skill level 5 in Summonings
  2483 | D:2      | Found an opulent altar of Gozag.
  2669 | D:2      | Reached XP level 4. HP: 14/33 MP: 6/6
  4497 | D:3      | Reached XP level 5. HP: 39/39 MP: 7/7
  4498 | D:3      | Reached skill level 1 in Fighting
  4587 | D:3      | Reached skill level 1 in Armour
  5264 | D:4      | Found a staircase to the Ecumenical Temple.
  5274 | Temple   | Entered the Ecumenical Temple
  5458 | Temple   | Became a worshipper of Cheibriados the Contemplative
  5490 | D:4      | Noticed an ogre
  5499 | D:4      | Killed an ogre
  5515 | D:4      | Reached XP level 6. HP: 41/50 MP: 8/8
  5575 | Temple   | Learned a level 4 spell: Summon Lightning Spire
  5711 | D:4      | Noticed Natasha
  5721 | D:4      | Killed Natasha
  5831 | D:4      | Noticed Natasha
  6181 | D:3      | Killed Natasha
  6477 | D:4      | Reached skill level 1 in Axes
  6751 | D:4      | Reached skill level 2 in Axes
  6751 | D:4      | Reached XP level 7. HP: 35/59 MP: 9/9
  6935 | D:4      | Reached * piety under Cheibriados
  7321 | D:5      | Entered Level 5 of the Dungeon
  7328 | D:5      | Reached skill level 3 in Axes
  7805 | D:5      | Found an ancient bone altar of Kikubaaqudgha.
  7819 | D:5      | Reached skill level 4 in Axes
  8320 | D:5      | Found a shimmering blue altar of Sif Muna.
  8539 | D:6      | Reached skill level 5 in Fighting
  8539 | D:6      | Reached skill level 5 in Axes
  8539 | D:6      | Reached XP level 8. HP: 55/68 MP: 10/10
  8625 | D:6      | Reached ** piety under Cheibriados
  8848 | D:6      | Reached skill level 6 in Axes
  8961 | D:6      | Reached skill level 5 in Armour
  9160 | D:6      | HP: 1/69 [acid (15)]
  9715 | D:6      | Reached skill level 7 in Axes
  9819 | D:7      | Reached skill level 1 in Invocations
  9956 | D:7      | Reached *** piety under Cheibriados
  9967 | D:7      | Reached skill level 1 in Air Magic
  9968 | D:7      | Reached skill level 8 in Axes
 10166 | D:7      | Found Soizxaw's Magic Scroll Shoppe.
 10206 | D:7      | Reached XP level 9. HP: 62/75 MP: 2/11
 10373 | D:7      | Bought a scroll of fear for 56 gold pieces
 10373 | D:7      | Bought a scroll of teleportation for 48 gold pieces
 10539 | D:7      | Found a runed translucent door.
 10540 | D:7      | Noticed Crazy Yiuf
 10664 | D:7      | Reached skill level 9 in Axes
 10860 | D:7      | Found a sacrificial altar of Ru.
 10983 | D:7      | Found a blossoming altar of Fedhas.
 11254 | D:7      | Found a sacrificial altar of Ru.
 11367 | D:7      | Killed Crazy Yiuf
 11719 | D:8      | Noticed Maurice
 11725 | D:8      | Paralysed by Maurice for 3 turns
 11733 | D:8      | Killed Maurice
 11819 | D:8      | Found a staircase to the Lair.
 11819 | D:8      | Noticed an elephant
 11840 | D:8      | Killed an elephant
 11841 | D:8      | Reached skill level 10 in Axes
 11841 | D:8      | Reached skill level 5 in Invocations
 12091 | D:8      | Noticed Grum
 12097 | D:8      | Reached **** piety under Cheibriados
 12107 | D:8      | Reached skill level 11 in Axes
 12115 | D:8      | Killed Grum
 12116 | D:8      | Reached XP level 10. HP: 25/83 MP: 9/14
 12714 | D:8      | Noticed Psyche
 12726 | D:8      | Killed Psyche
 13041 | D:8      | Found a glowing golden altar of the Shining One.
 13172 | D:8      | Noticed a two-headed ogre
 13181 | D:8      | Killed a two-headed ogre
 13182 | D:8      | Reached skill level 12 in Axes
 14362 | D:9      | You fall into a shaft and drop 3 floors!
 14596 | D:10     | Entered Level 10 of the Dungeon
 14618 | D:10     | Reached ***** piety under Cheibriados
 14619 | D:10     | Reached skill level 13 in Axes
 14959 | D:10     | Reached skill level 14 in Axes
 15099 | D:9      | Reached XP level 11. HP: 59/89 MP: 17/17
 15538 | D:9      | Found a shadowy altar of Dithmenos.
 15539 | D:9      | Found a hazy altar of Hepliaklqana.
 16248 | D:10     | Reached skill level 15 in Axes
 16429 | D:10     | Found a snail-covered altar of Cheibriados.
 16608 | D:10     | Learned a level 2 spell: Blink
 17205 | D:10     | Reached skill level 16 in Axes
 17210 | D:10     | Reached skill level 1 in Translocations
 17604 | D:11     | Reached ****** piety under Cheibriados
 18122 | D:11     | Found a portal to a secret trove of treasure.
 18185 | D:11     | Noticed a manticore
 18191 | D:11     | Killed a manticore
 18200 | D:11     | Learned a level 3 spell: Lesser Beckoning
 18443 | D:11     | Found a staircase to the Orcish Mines.
 19084 | D:12     | Noticed a cyclops
 19092 | D:12     | Killed a cyclops
 19344 | D:12     | Noticed a two-headed ogre
 19351 | D:12     | Killed a two-headed ogre
 20141 | Lair:1   | Entered Level 1 of the Lair of Beasts
 20303 | Lair:1   | You fall into a shaft and drop 1 floor!
 20338 | Lair:2   | Reached XP level 12. HP: 100/100 MP: 18/18
 20522 | Lair:2   | Noticed a boulder beetle
 20530 | Lair:2   | Killed a boulder beetle
 21220 | Lair:2   | Found a staircase to the Snake Pit.
 21815 | Lair:1   | Learned a level 3 spell: Confusing Touch
 21842 | Lair:1   | Noticed a four-headed hydra
 21851 | Lair:1   | Killed a four-headed hydra
 22104 | Lair:1   | Reached skill level 5 in Dodging
 22961 | Lair:3   | Noticed Fannar
 22969 | Lair:3   | Killed Fannar
 23230 | Lair:3   | Reached skill level 1 in Hexes
 23290 | Lair:3   | Noticed a death yak
 23290 | Lair:3   | Noticed a death yak
 23291 | Lair:3   | Noticed a death yak
 23304 | Lair:3   | Killed a death yak
 23312 | Lair:3   | Killed a death yak
 23317 | Lair:3   | Killed a death yak
 23337 | Lair:3   | Reached XP level 13. HP: 28/107 MP: 16/19
 23345 | Lair:3   | Learned a level 4 spell: Manifold Assault
 23352 | Lair:3   | Learned a level 1 spell: Animate Skeleton
 24045 | Lair:3   | Found a staircase to the Shoals.
 26080 | Lair:4   | Identified a scroll of acquirement
 26080 | Lair:4   | Acquired Sigeodgh's Guide on Clay and Companions
 26222 | D:7      | Bought a scroll of acquirement for 832 gold pieces
 26222 | D:7      | Acquired 1027 gold pieces
 26224 | D:7      | Bought a scroll of acquirement for 832 gold pieces
 26224 | D:7      | Acquired a +0 executioner's axe of freezing
 26228 | D:7      | Bought a scroll of identify for 32 gold pieces
 26228 | D:7      | Bought a scroll of identify for 32 gold pieces
 26228 | D:7      | Bought a scroll of identify for 32 gold pieces
 26228 | D:7      | Bought a scroll of enchant weapon for 120 gold pieces
 27418 | Lair:5   | Reached skill level 10 in Fighting
 27593 | Lair:5   | Found a viscous altar of Jiyva.
 27593 | Lair:5   | Found a staircase to the Slime Pits.
 28284 | Lair:6   | Entered Level 6 of the Lair of Beasts
 28306 | Lair:6   | Reached XP level 14. HP: 121/121 MP: 20/20
 28729 | Orc:1    | Entered Level 1 of the Orcish Mines
 28988 | Orc:1    | Noticed Urug
 28999 | Orc:1    | Killed Urug
 29242 | Orc:1    | Noticed Josephine
 29256 | Orc:1    | Killed Josephine
 29257 | Orc:1    | Mangled by an orc warrior

Illustrated notes

Levels and vault maps discovered:
D:1:      ncdulo_wetmaze, layout_loops_corners, moated_statue
D:2:      minmay_recursive_quarters, layout_loops_corners,
          grunt_gozag_breadcrumbs
D:3:      layout_basic
D:4:      layout_cave_pools, minmay_temple_entry_large_hall,
          hangedman_abyss_or_decor_jellyfish_corner, uniq_natasha
D:5:      layout_cave_pools, lemuel_round_altar, kennysheep_vampire_church
D:6:      layout_rooms
D:7:      layout_loops_ring, fedhas_altar_1, nicolae_ru_path_of_blood,
          serial_shops, nicolae_shop_trees, kennysheep_diamond,
          chequers_serial_rivers_micro_a, kennysheep_flooded_box, the_bakery,
          uniq_crazy_yiuf_cottage
D:8:      layout_cave_pods, david_lair_generic, tso_altar, uniq_maurice,
          uniq_psyche, uniq_grum
D:9:      cheibrodos_steamvent, layout_layer_cave,
          riverfiend_overflow_shadow_ancestor
D:10:     layout_basic, basic_altar, roderic_roman_lattice,
          kennysheep_generic_room_16
D:11:     layout_roguey, hiddenorc2_lemuel, enter_trove_3,
          portal_ice_cave_demonic_guard
D:12:     layout_cave_pods, minmay_strange_pillars
Temple:   regret_index_temple_generic_petals
Lair:1:   layout_gridlike, serial_bayou_pond_e
Lair:2:   layout_regular_city, minmay_snake_entry_guardpost_medium,
          beast_lair_carwin_4, serial_bayou_shore_b
Lair:3:   layout_long_grid, shoals_dummy_entry, serial_bayou_shore_a,
          uniq_fannar
Lair:4:   layout_roguey, grunt_megastairs_4
Lair:5:   layout_roguey, dpeg_slime_entry_enclosed_altar, serial_rivers,
          chequers_serial_rivers_small_b, chequers_serial_rivers_small_a,
          chequers_serial_rivers_marsh, chequers_serial_rivers_small_a,
          chequers_serial_rivers_micro_d, serial_bayou_shore_b
Lair:6:   hangedman_lair_caniforms_friends, layout_loops_ring,
          hangedman_lair_tendril_chambers, serial_bayou_lagoon_b
Orc:1:    layout_diamond_mine, kennysheep_orc_chapel, uniq_josephine, uniq_urug

Skill      XL: |  1  2  3  4  5  6  7  8  9 10 11 12 13 |
---------------+----------------------------------------+-----
Summonings     | 5 6 7 8 |  8.0
Fighting       | 2 4 5 6 7 8 10 | 10.4
Armour         | 2 3 4 5 6 7 9 |  9.3
Axes           | 2 5 8 11 14 16 | 16.0
Invocations    | 2 6 8 |  8.0
Air Magic      | 1 3 |  3.0
Translocations | 2 3 4 |  4.5
Dodging        | 3 6 8 |  8.4
Spellcasting   | 3 4 |  4.5
Hexes          | 2 3 |  3.0
Stealth        | |  1.5

Action                   |  1- 3 |  4- 6 |  7- 9 | 10-12 | 13-15 || total
-------------------------+-------+-------+-------+-------+-------++-------
Melee: Unarmed           |    10 |       |       |       |       ||    10
       Whip              |    46 |     1 |       |       |       ||    47
       Mace              |       |   100 |   128 |     5 |    23 ||   256
       War axe           |       |       |    86 |   412 |   190 ||   688
 Cast: Summon Small Mamm |    21 |       |       |       |       ||    21
       Call Imp          |    37 |    87 |   127 |     9 |       ||   260
       Summon Lightning  |       |       |     1 |    65 |    31 ||    97
       Blink             |       |       |       |     2 |     1 ||     3
       Confusing Touch   |       |       |       |     1 |     1 ||     2
       Manifold Assault  |       |       |       |       |     8 ||     8
       Animate Skeleton  |       |       |       |       |     2 ||     2
Invok: Slouch            |       |       |       |       |     4 ||     4
Evoke: Wand              |       |       |       |       |     2 ||     2
  Use: Scroll            |       |       |    13 |     8 |    11 ||    32
       Potion            |       |       |     4 |     1 |     2 ||     7
 Stab: Sleeping          |     1 |     2 |     2 |     6 |     2 ||    13
       Distracted        |       |     1 |     2 |     9 |     6 ||    18
Armor: Robe              |    25 |       |       |       |       ||    25
       Leather armour    |       |    27 |    56 |   111 |    54 ||   248
       Ring mail         |       |    14 |    63 |       |       ||    77
       Scale mail        |       |       |       |       |    10 ||    10
Dodge: Dodged            |    63 |   106 |   251 |   397 |   238 ||  1055

Table legend: (Time is in decaauts)
 A = Elapsed time spent in this place.
 B = Non-inter-level travel time spent in this place.
 C = Inter-level travel time spent in this place.
 D = Time resting spent in this place.
 E = Time spent auto-exploring this place.
 F = Levels seen in this place.
 G = Mean time per level.
                   A        B        C        D        E       F      G
               +--------+--------+--------+--------+--------+-----+--------+
         Total |  38341 |  36064 |   2277 |   6391 |  25679 |  20 | 1917.1 |
       Dungeon |  25258 |  23899 |   1359 |   4660 |  16401 |  12 | 2104.8 |
        Temple |    374 |    328 |     46 |    147 |    169 |   1 |  374.0 |
          Lair |  11986 |  11115 |    871 |   1548 |   8569 |   6 | 1997.7 |
  Orcish Mines |    721 |    721 |      0 |     36 |    539 |   1 |  721.0 |
               +--------+--------+--------+--------+--------+-----+--------+

Top non-repeatable levels by time:
     D:8: 2919 daAuts
     D:9: 2770 daAuts
    D:10: 2728 daAuts
  Lair:3: 2691 daAuts
  Lair:4: 2529 daAuts
  Lair:2: 2475 daAuts
     D:7: 2431 daAuts
     D:3: 2337 daAuts
  Lair:1: 2299 daAuts
    D:12: 2172 daAuts
    D:11: 2098 daAuts
  Lair:5: 1840 daAuts
     D:1: 1828 daAuts
     D:2: 1736 daAuts
     D:5: 1646 daAuts
